AoeStats
← santrex.be

Fortress

509745796Analyzed
3v3 RM · 3d ago on Sep 27, 2026· 44m 30s· 6 players
Game mode
Random Map
Map size
Large (8 player)
Population
200
Speed
Normal
Resources
Standard
Victory
Conquest
Starting age
Dark Age
Ending age
Imperial Age
RankedLock teamsTeams togetherTeam positionsShared explorationLock speedFull tech treeHidden civsTurbo modeCheats
Victory
Defeat
🇷🇴 Danes · Romania
1110
+9
🇧🇪 Varangians · Belgium
948
+15
🇧🇪 Japanese · Belgium
853
+19
🇺🇸 Persians · United States
963
-16
🇨🇴 Goths · Colombia
932
-14
🇨🇴 Khmer · Colombia
890
-13
santrex.be
0:44 Loom
7:28 Feudal Age
11:52 Castle Age
11:31 Double-Bit Axe
11:29 Horse Collar
12:02 Forging
17:45 Bow Saw
18:21 Gold Mining
18:24 Stone Mining
20:18 Wheelbarrow
20:09 Heavy Plow
22:01 Scale Mail Armor
23:53 Hand Cart
23:39 Fletching
24:46 Fortified Wall
25:16 Squires
25:02 Arson
25:03 Gambesons
27:43 Iron Casting
27:23 Chain Mail Armor
27:53 Ballistics
33:29 Bodkin Arrow
36:10 Imperial Age
33:27 Town Watch
35:32 Masonry
35:18 Murder Holes
37:34 Hoardings
36:21 Elite Samurai
38:18 Blast Furnace
37:48 Plate Mail Armor
38:02 Gold Shaft Mining
38:32 Two-Man Saw
✪ GiBiG
0:41 Loom
6:11 Feudal Age
12:44 Castle Age
10:55 Double-Bit Axe
10:52 Horse Collar
13:26 Forging
13:17 Scale Mail Armor
16:17 Arson
16:37 Town Watch
17:41 Squires
17:30 Gambesons
19:52 Fletching
20:30 Heavy Plow
21:08 Bow Saw
22:48 Stone Mining
22:48 Gold Mining
23:17 Squires
25:15 Wheelbarrow
24:26 Town Watch
28:49 Chain Mail Armor
29:09 Iron Casting
31:51 Bodkin Arrow
31:56 Padded Archer Armor
36:34 Imperial Age
35:30 Hand Cart
35:54 Leather Archer Armor
35:45 Scale Barding Armor
36:59 Caravan
37:29 Coinage
37:37 Bracer
38:13 Plate Mail Armor
38:43 Blast Furnace
37:20 Elite Varangian Guard
39:50 Heated Shot
40:21 Ballistics
40:57 Elite Jarl
42:22 Gothikon
43:19 Caravan
43:49 Coinage
43:23 Caravan
Telepateu
5:39 Loom
8:58 Feudal Age
9:15 Man-at-Arms
9:44 Arson
10:28 Horse Collar
10:35 Double-Bit Axe
11:42 Scale Mail Armor
13:47 Wheelbarrow
16:34 Castle Age
15:09 Stone Mining
17:40 Chain Mail Armor
17:35 Forging
17:57 Bow Saw
19:01 Wheelbarrow
19:58 Iron Casting
19:42 Squires
20:37 Gold Mining
22:38 Fletching
22:51 Padded Archer Armor
24:56 Hand Cart
26:58 Long Swordsman
31:49 Imperial Age
36:04 Heavy Plow
37:24 Elite Varangian Guard
41:30 Capped Ram
43:24 Blast Furnace
42:54 Plate Mail Armor
44:26 Siege Engineers
44:47 Conscription
43:48 Hamask
rojasfelix253
1:16 Loom
10:08 Feudal Age
11:29 Wheelbarrow
10:59 Double-Bit Axe
17:41 Castle Age
17:09 Bloodlines
17:12 Gold Mining
17:13 Stone Mining
19:33 Hand Cart
19:35 Husbandry
19:30 Light Cavalry
22:05 Bow Saw
25:42 Gold Shaft Mining
25:14 Crossbowman
25:59 Thumb Ring
26:12 Pikeman
26:53 Squires
26:39 Arson
27:56 Scale Barding Armor
27:52 Scale Mail Armor
31:01 Fletching
31:11 Padded Archer Armor
34:13 Imperial Age
32:25 Bodkin Arrow
32:45 Leather Archer Armor
36:24 Hoardings
35:43 Capped Ram
38:41 Murder Holes
39:24 Ballistics
40:04 Chemistry
41:07 Heated Shot
Black
5:22 Loom
7:15 Feudal Age
7:51 Double-Bit Axe
8:42 Wheelbarrow
8:21 Gold Mining
8:23 Stone Mining
9:00 Horse Collar
16:10 Castle Age
15:00 Bloodlines
15:39 Forging
15:15 Man-at-Arms
16:24 Long Swordsman
17:06 Squires
17:11 Scale Mail Armor
18:22 Bow Saw
19:08 Iron Casting
20:20 Chain Mail Armor
20:06 Heavy Plow
20:44 Caravan
24:08 Hand Cart
42:11 Imperial Age
39:51 Anarchy
42:14 Two-Handed Swordsman
43:56 Blast Furnace
jgmolina20
8:02 Feudal Age
6:35 Loom
12:08 Castle Age
13:47 Pikeman
16:07 Gold Mining
18:15 Fletching
20:19 Double-Bit Axe
26:14 Tusk Swords
28:07 Bodkin Arrow
28:23 Forging
29:23 Husbandry
29:33 Bloodlines
32:03 Arson
34:34 Wheelbarrow
38:49 Hand Cart
38:51 Bow Saw
39:14 Horse Collar
44:10 Imperial Age
Connection lost

Rejoining the realm…

Still unreachable

The connection could not be restored.

Session expired

The server has moved on; the page needs a fresh start.